Map: Bel'Shir Vestige LE (Void)

Players

dallaskuken - Winner!

  • Race: Protoss Protoss
  • League: Platinum
  • Spawn Location: 11:00

Natiking

  • Race: Protoss Protoss
  • League: Diamond
  • Spawn Location: 5:00

VOD

Have the link to the VOD?

Description

Time

  • Played on: April 11, 2017, 6:20 p.m.
  • Length: 5:21
Show
View Real Time Build Order
Export as new Build Order

dallaskuken Protoss - Winner!

Build Orders: Oracle Opening 

Get SALT Encoding   

  12  0:00  Probe (Chrono Boost)  
  13  0:11  Probe (Chrono Boost)  
  14  0:18  Pylon  
  14  0:25  Probe (Chrono Boost)  
  15  0:36  Gateway  
  15  0:38  Probe (Chrono Boost)  
  16  0:49  Probe (Chrono Boost)  
  17  0:59  Probe (Chrono Boost)  
  17  1:03  Assimilator  
  18  1:10  Probe (Chrono Boost)  
  19  1:20  Probe (Chrono Boost)  
  19  1:25  Cybernetics Core  
  20  1:29  Assimilator  
  20  1:31  Probe (Chrono Boost)  
  21  1:40  Assimilator  
  21  1:41  Probe (Chrono Boost)  
  22  1:52  Probe (Chrono Boost)  
  23  2:13  Stargate  
  23  2:14  Pylon  
  23  2:16  Pylon  
  23  2:33  Pylon, Probe (Chrono Boost)  
  24  2:43  Probe (Chrono Boost)  
  25  2:53  Oracle  
  25  2:54  Probe (Chrono Boost)  
  29  3:03  Stalker, Nexus  
  32  3:06  Probe (Chrono Boost)  
  32  3:11  Pylon  
  32  3:13  Pylon  
  32  3:26  Probe (Chrono Boost)  
  33  3:31  Assimilator  
  33  3:36  Stalker  
  33  3:38  Probe (Chrono Boost)  
  36  3:50  Probe (Chrono Boost)  
  36  3:53  Forge  
  36  3:54  Pylon  
  37  4:13  Void Ray  
  37  4:20  Stalker  
  43  4:39  Stargate x2  
  43  4:50  Stalker  
  43  4:52  Pylon  
  45  5:04  Assimilator, Probe (Chrono Boost)  
Show
View Real Time Build Order
Export as new Build Order

Natiking Protoss 

Build Orders:  

Get SALT Encoding   

  12  0:00  Probe (Chrono Boost)  
  13  0:11  Probe (Chrono Boost)  
  14  0:22  Probe (Chrono Boost)  
  14  0:25  Pylon  
  15  0:31  Assimilator  
  15  0:39  Pylon  
  15  0:43  Probe (Chrono Boost)  
  16  0:53  Gateway  
  16  0:56  Probe (Chrono Boost)  
  17  1:07  Probe (Chrono Boost)  
  18  1:17  Probe (Chrono Boost)  
  19  1:29  Probe (Chrono Boost)  
  20  1:41  Cybernetics Core  
  20  1:44  Zealot, Probe (Chrono Boost)  
  23  2:04  Probe (Chrono Boost)  
  24  2:09  Gateway  
  24  2:11  Gateway  
  24  2:17  Probe (Chrono Boost)  
  25  2:31  Warp Gate  
  25  2:39  Zealot  
  27  2:54  Probe (Chrono Boost)  
  27  2:58  Zealot  
  30  3:03  Pylon  
  30  3:06  Pylon  
  30  3:21  Zealot x2  
  34  3:28  Twilight Council  
  34  3:30  Assimilator  
  34  3:35  Pylon, Nexus  
  34  3:45  Pylon  
  34  4:05  Gateway  
  34  4:09  Templar Archives  
  34  4:11  Forge  
  14  4:36  Stalker x2  
  14  4:39  Stalker  
  17  4:47  Probe (Chrono Boost)  
  17  4:58  Probe x2 (Chrono Boost)  
  19  5:09  Probe (Chrono Boost)  
Tags
 
Add a new tag
Caveats
  • Supply blocks, unpowered buildings, or Contaminate may cause inaccurate times.
  • Supply counts are checked every 10 seconds.